 Dungeon Crawl Stone Soup version 0.30-a0-172-gc5509c9e31 (webtiles) character file.

Game seed: 17868222187061022705

25 blackman the Stinger (level 2, 0/24 HPs)
             Began as a Demigod Wanderer on Oct 1, 2022.
             Slain by a goblin
             ... wielding a +0 club
              (4 damage)
             ... on level 1 of the Dungeon.
             The game lasted 00:02:33 (1094 turns).

blackman the Stinger (Demigod Wanderer)             Turns: 1094, Time: 00:02:33

Health: 0/24       AC:  8    Str: 10 (11) XL:     2   Next: 63%
Magic:  7/7        EV:  3    Int: 10 (11) God:
Gold:   58         SH:  4    Dex: 17 (18) Spells: 3/4 levels left

rFire   . . .      SeeInvis .    a - +0 dagger
rCold   . . .      Faith    .    b - +0 buckler
rNeg    . . .      Spirit   .    f - +0 chain mail
rPois   .          Reflect  .    (no helmet)
rElec   .          Harm     .    (no cloak)
rCorr   .          Rampage  .    (no gloves)
Will    .....                    (no boots)
Stlth   ..........               (no amulet)
HPRegen 0.24/turn                (no ring)
MPRegen 0.10/turn                (no ring)

@: no status effects
A: high MP 1, forlorn, divine attributes
a: no special abilities


You were on level 1 of the Dungeon.
You visited 1 branch of the dungeon, and saw 2 of its levels.

You collected 58 gold pieces.

Inventory:

Hand Weapons
 a - a +0 dagger (weapon)
Armour
 b - a +0 buckler (worn)
 c - a +0 robe
 f - a +0 chain mail (worn)
 g - a +0 ring mail
Scrolls
 d - 2 scrolls of butterflies
 i - a scroll of enchant weapon


   Skills:
 - Level 1.7 Fighting
 * Level 2.3 Long Blades
 - Level 1.0 Armour
 - Level 1.0 Shields
 - Level 1.0 Unarmed Combat
 - Level 1.7 Spellcasting
 - Level 2.6 Poison Magic


You had 3 spell levels left.
You knew the following spells:

 Your Spells              Type           Power      Damage    Failure   Level
a - Sting                 Tmut/Pois      12%        1d3       100%        1

Your spell library contained the following spells:

 Spells                   Type           Power      Damage    Failure   Level
 Necrotise                Necr           0%         1d4       100%        1
 Spider Form              Tmut/Pois      3%         N/A       100%        3
 Vampiric Draining        Necr           0%         2d6       100%        3
 Olgreb's Toxic Radiance  Pois           6%         N/A       100%        4
 Agony                    Necr           0%         N/A       100%        5


Dungeon Overview and Level Annotations

Branches:
Dungeon (2/15)

Shops:
D:2 (


Innate Abilities, Weirdness & Mutations

You have an increased reservoir of magic. (+10% MP)
You shall have no god before yourself.
Your divine heritage dramatically boosts your attributes as you level up.


Message History

* * * LOW HITPOINT WARNING * * *
It was a potion of degeneration.
There was something very wrong with that liquid.
You feel weakened.
You feel dopey.
You feel clumsy. You block the adder's attack.
The goblin hits you but does no damage. x2
The adder bites you but does no damage. The goblin attacks as you move away!
The goblin hits you but does no damage. x2
As you read the scroll labelled DAVATHRAOXI, it crumbles to dust.
It is a scroll of identify.
i - a scroll of enchant weapon You block the goblin's attack.
The goblin hits you from afar with a +0 spear.
* * * LOW HITPOINT WARNING * * *
Unknown command.
The goblin attacks as you move away! The goblin barely misses you.
The goblin attacks as you move away! The goblin hits you but does no damage.
The goblin attacks as you move away! The goblin hits you but does no damage.
Things that are here:
a +0 whip; a kobold corpse
There is a stone staircase leading up here.
The goblin hits you with a +0 club.
* * * LOW HITPOINT WARNING * * *
You climb upwards.
There is a stone staircase leading down here.
You hit the goblin but do no damage. The goblin hits you but does no damage.
You closely miss the goblin. You block the goblin's attack.
You hit the goblin.
The goblin is moderately wounded.
The goblin hits you with a +0 club.
* * * LOW HITPOINT WARNING * * *
You hit the goblin but do no damage.
The goblin is moderately wounded.
The goblin hits you but does no damage.
You hit the goblin but do no damage.
The goblin is moderately wounded.
The goblin completely misses you.
You hit the goblin.
The goblin is severely wounded.
The goblin hits you with a +0 club.
You die...

#######......####....#
#.##.#.... #...........##.#
#.##.#.... #....#.####.##.#
#.........
#....#).....##.###.##.####.
#....#.#....#......##.# #.
#....#..........##.##.# #.
#...............##.##.####.
#####....g......##.##......
#.....@...#.##.########
#.#.....##.....#
###.##..##.##### #.##.###.#
####.# #.# #.# #.# #.# #.#
#.# #.# #.###.#


You could see a goblin.

Vanquished Creatures
  3 dart slugs (D:1)
  A bat (D:1)
  An endoplasm (D:1)
  A giant cockroach (D:1)
  2 goblins (D:1)
  A hobgoblin (D:1)
  2 quokkas (D:1)
  A ball python (D:1)
  A frilled lizard (D:1)
  2 kobolds
  4 rats
19 creatures vanquished.

Notes
Turn   | Place    | Note
-------+----------+-------------------------------------------
     0 | D:1      | blackman the Demigod Wanderer began the quest for the Orb.
     0 | D:1      | blackman set off with the following items: a +0 dagger, a
                  | +0 buckler, a +0 robe, 2 scrolls of butterflies; and the
                  | following spell memorised: Sting; and the following spells
                  | available to memorise: Spider Form, Olgreb's Toxic
                  | Radiance.
     0 | D:1      | Reached XP level 1. HP: 17/17 MP: 5/5
    81 | D:1      | Reached skill level 1 in Long Blades
   546 | D:1      | Reached XP level 2. HP: 23/24 MP: 7/7
  1064 | D:2      | Found Fepulaypt's Weapon Shoppe.
  1094 | D:1      | Slain by a goblin

Illustrated notes

Levels and vault maps discovered:
D:1:      dpeg_arrival_court, layout_basic, ebering_ecumenical_altar_webs,
          chequers_serial_rivers_micro_c
D:2:      layout_basic, serial_shops, nicolae_shop_bloodbath_and_beyond,
          minmay_tetromino_l4

Skill      XL: |  1  2 |
---------------+-------+-----
Long Blades    | 1 2 |  2.3
Fighting       | |  1.7
Armour         | |  1.0
Shields        | |  1.0
Unarmed Combat | |  1.0
Spellcasting   | |  1.7
Poison Magic   | |  2.6

Action                   || total
-------------------------++-------
Melee: Dagger            ||   120
  Use: Scroll            ||     1
       Potion            ||     1
Armor: Chain mail        ||    64
       Robe              ||     3
Dodge: Dodged            ||    36
Block: Buckler           ||    31

Table legend: (Time is in decaauts)
 A = Elapsed time spent in this place.
 B = Non-inter-level travel time spent in this place.
 C = Inter-level travel time spent in this place.
 D = Time resting spent in this place.
 E = Time spent auto-exploring this place.
 F = Levels seen in this place.
 G = Mean time per level.
                   A        B        C        D        E       F      G
               +--------+--------+--------+--------+--------+-----+--------+
         Total |   1094 |   1082 |     12 |    261 |    574 |   2 |  547.0 |
       Dungeon |   1094 |   1082 |     12 |    261 |    574 |   2 |  547.0 |
               +--------+--------+--------+--------+--------+-----+--------+

Top non-repeatable levels by time:
     D:1: 1010 daAuts
     D:2: 83 daAuts
